 Dungeon Crawl Stone Soup version 0.22-a0-49-g614aadd (webtiles) character file.

51 KristoblXynda the Charmwright (level 3, 0/29 HPs)
             Began as a Draconian Skald on Jan 8, 2018.
             Slain by an adder (1 damage)
             ... on level 1 of the Dungeon.
             The game lasted 00:02:16 (1075 turns).

KristoblXynda the Charmwright (Draconian Skald)     Turns: 1075, Time: 00:02:17

Health: 0/29       AC:  5    Str: 13 (14) XL:     3   Next: 57%
Magic:  5/6        EV: 12    Int: 10 (13) God:
Gold:   37         SH:  0    Dex:  7 (10) Spells: 2/6 levels left

rFire    . . .     SeeInvis .   a - +0 hand axe
rCold    . . .     Gourm    .   (no shield)
rNeg     . . .     Faith    .   (armour unavailable)
rPois    .         Spirit   .   (helmet restricted)
rElec    .         Reflect  .   (no cloak)
rCorr    .         Harm     .   (no gloves)
MR       .....                  (no boots)
Stlth    +.........             (no amulet)
HPRegen  0.09/turn              (no ring)
MPRegen  0.10/turn              (no ring)

@: lethally poisoned (0 -> -5)
A: unfitting armour, cold-blooded, AC +5
a: no special abilities


You were on level 1 of the Dungeon.
You were not hungry.

You visited 1 branch of the dungeon, and saw 2 of its levels.

You collected 37 gold pieces.

Inventory:

Hand Weapons
 a - a +0 hand axe (weapon)
Scrolls
 d - a scroll of identify {unknown}
 f - 2 scrolls of enchant weapon {unknown}
 i - a scroll of blinking {unknown}
 j - 2 scrolls of remove curse {unknown}
Books
 b - a book of Battle

   Spells                             Type                      Level
   a - Infusion                       Charms                       1
   b - Shroud of Golubria             Charms/Translocation         2
   c - Song of Slaying                Charms                       2
   d - Spectral Weapon                Hexes/Charms                 3
   e - Regeneration                   Charms/Necromancy            3
Comestibles
 c - 3 rations


   Skills:
 - Level 2.1 Fighting
 + Level 2.7 Axes
 + Level 2.8 Dodging
 + Level 2.1 Spellcasting
 + Level 3.2 Charms


You had 2 spell levels left.
You knew the following spells:

 Your Spells              Type           Power        Failure   Level  Hunger
a - Infusion              Chrm           #...         9%          1    ##.....
b - Regeneration          Chrm/Necr      #.........   43%         3    ####...


Dungeon Overview and Level Annotations

Branches:
Dungeon (2/15)

Altars:
Fedhas


Innate Abilities, Weirdness & Mutations

Your plain brown scales are hard. (AC +5)
You cannot fit into any form of body armour.
You are cold-blooded and may be slowed by cold attacks.


Message History

You are lethally poisoned!
The adder poisons you! The jackal barely misses you.
You closely miss the adder.
The adder is moderately wounded.
You hit the jackal but do no damage.
* * * LOW HITPOINT WARNING * * *
You feel sick. The adder misses you. The jackal barely misses you.
The adder barely misses you.
You aren't carrying any potions.
You barely miss the adder.
The adder is moderately wounded.
You hit the jackal.
* * * LOW HITPOINT WARNING * * *
You feel sick. The jackal misses you. The adder barely misses you.
The jackal bites you but does no damage.
You barely miss the adder.
The adder is moderately wounded.
You barely miss the jackal. The adder barely misses you. The jackal misses you.
The adder bites you.
You die...

##.##..# #.# #.#
#############..#(.# #.#########.#
#.........()(.....# #.....).....#
##.####....###...## #####.#######
.....##....# ##..# ♣♣.♣♣
.#.#.##....# #..# ##♣♣#.♣.♣♣♣#♣
.#.#.####### ##.# #...........#
.#.#.###########S# ♣...........#
.#.#...........h@# #..####'##..♣
.#.################♣..#)....#..♣♣
.#.# ######## #♣♣...#..P.P#....
##.# #......# #≈.♣..+.....#..♣.
#.# #......# #♣#...#...<.#...♣
#[#####......# ♣#..#....P#..#♣
##'#..........# #..#######..#
#.............# ♣...........##
#........†(...# ♣............♣


You could see an adder and a jackal.

Vanquished Creatures
  2 adders (D:2)
  A worm (D:2)
  A ball python (D:1)
  A giant cockroach (D:1)
  4 goblins
  A hobgoblin (D:2)
  3 jackals (D:2)
  9 kobolds
  A bat (D:1)
  2 frilled lizards (D:1)
  6 rats
31 creatures vanquished.

Notes
Turn   | Place    | Note
-------+----------+-------------------------------------------
     0 | D:1      | KristoblXynda the Draconian Skald began the quest for the Orb.
     0 | D:1      | Reached XP level 1. HP: 17/17 MP: 3/3
   181 | D:1      | Reached XP level 2. HP: 16/24 MP: 5/5
   571 | D:1      | Reached skill level 3 in Charms
   784 | D:2      | Reached XP level 3. HP: 26/29 MP: 4/6
   799 | D:2      | Learned a level 3 spell: Regeneration
   960 | D:2      | Found a blossoming altar of Fedhas.
  1074 | D:1      | HP: 1/29 [poisoned by an adder]
  1075 | D:1      | Slain by an adder

Vault maps used:
D:1:      saegor_arrival_under_anarchy, minmay_misc_feat_cross
D:2:      fedhas_altar_2, nicolae_dithmenos_through_a_glass_darkly,
          first_ration, kennysheep_generic_room_11

Skill      XL: |  1  2 |
---------------+-------+-----
Charms         | 3 |  3.2
Fighting       | |  2.1
Axes           | |  2.7
Dodging        | |  2.8
Spellcasting   | |  2.1

Action                   || total
-------------------------++-------
Melee: Hand axe          ||   132
       Tailslap          ||     7
 Cast: Infusion          ||     3
  Use: Potion            ||     3
  Eat: Chunk             ||     1
Armor: Skin              ||    71
Dodge: Dodged            ||   138

Table legend:
 A = Spawn XP
 B = Non-spawn XP
 C = Spawn XP percentage of total XP
 D = Spawn monster count
 E = Non-spawn monster count
 F = Spawn count percentage of total count
 G = Total turns spent on level
                    A         B        C        D         E        F      G
               +---------+---------+-------+---------+---------+-------+---------
         Total |       0 |      73 |   0.0 |       0 |      31 |   0.0 |  1075
               +---------+---------+-------+---------+---------+-------+---------
           D:1 |       0 |      25 |   0.0 |       0 |      18 |   0.0 |   761
           D:2 |       0 |      48 |   0.0 |       0 |      13 |   0.0 |   314
               +---------+---------+-------+---------+---------+-------+---------
